 Dungeon Crawl Stone Soup version 0.16.1-51-g6203257 (webtiles) character file.

1999 hannobal the Zephyrmancer (level 9, -11/47 HPs)
             Began as a Tengu Air Elementalist on Aug 5, 2015.
             Killed from afar by an orc (23 damage)
             ... with a wand of lightning
             ... on level 6 of the Dungeon.
             The game lasted 00:35:06 (8472 turns).

hannobal the Zephyrmancer (Tengu Air Elementalist)  Turns: 8472, Time: 00:35:06

Health: -11/47     AC: 11    Str: 11    XL:     9   Next: 21%
Magic:  0/21       EV: 15    Int: 19    God:
Gold:   279        SH:  0    Dex: 14    Spells: 5 memorised, 4 levels left

rFire  + . .     SeeInvis .     a - +1 short sword (protect)
rCold  . . .     Clarity  .     e - +0 robe
rNeg   . . .     SustAb   .     (no shield)
rPois  .         Gourm    .     (helmet restricted)
rElec  .         Spirit   +     H - +1 cloak
rCorr  .         Warding  .     i - +1 pair of gloves
rMut   .         Stasis   .     (boots unavailable)
MR     .....                    u - amulet of guardian spirit
Stlth  ++........               (no ring)
                                (no ring)

@: flying quickly and evasively, repel missiles, quick, not resistant to hostile
enchantments, unstealthy
A: able to fly, beak, talons 3, fire resistance 1, spit poison 1, strong 1
a: Spit Poison


You were on level 6 of the Dungeon.
You were not hungry.

You visited 1 branch of the dungeon, and saw 6 of its levels.

You collected 357 gold pieces.
You spent 78 gold pieces at shops.

Inventory:

Hand weapons
 a - a +1 short sword of protection (weapon)
 b - a +1 dagger of venom
 m - a +0 hunting sling
 r - a +0 flail
 w - a +0 whip
 y - a +0 blowgun
 C - a +3 quarterstaff of chaos
 J - a +4 short sword of freezing
 P - a +0 glaive
Missiles
 d - 253 stones (quivered)
 o - 2 throwing nets
 p - 8 tomahawks
 q - 5 steel tomahawks
 x - 30 poisoned needles
 z - 20 arrows of flame
 A - 88 arrows
 M - 13 bolts of frost
Armour
 e - a +0 robe (worn)
 i - a +1 pair of gloves (worn)
 l - a +0 large shield
 E - a cursed +0 leather armour
 H - a +1 cloak (worn)
 N - a +0 ring mail
Jewellery
 u - an amulet of guardian spirit (around neck)
 O - an uncursed amulet of stasis
Magical devices
 G - a wand of magic darts (7)
Scrolls
 n - 3 scrolls of remove curse
 t - 2 scrolls of amnesia
 v - a scroll of blinking
 F - a scroll of enchant armour
 K - a scroll of magic mapping
 L - a scroll of noise
Potions
 j - 4 potions of curing
 k - a potion of might
 s - 2 potions of restore abilities
 B - a potion of agility
 D - a potion of magic {unknown}
 I - a potion of cancellation {unknown}
Books
 f - a book of Air

   Spells                             Type                      Level
   a - Shock                          Conjuration/Air              1
   b - Swiftness                      Charms/Air                   2
   c - Repel Missiles                 Charms/Air                   2
   d - Flight                         Charms/Air                   3
   e - Static Discharge               Conjuration/Air              3
   f - Lightning Bolt                 Conjuration/Air              5
Comestibles
 c - 5 bread rations {@e1}
 g - 4 beef jerkies


   Skills:
 - Level 1.0 Fighting
 - Level 2.1 Dodging
 - Level 2.0 Stealth
 + Level 4.6 Spellcasting
 - Level 10.0 Conjurations
 - Level 1.0 Charms
 - Level 10.1 Air Magic
 - Level 1.2 Evocations


You had 4 spell levels left.
You knew the following spells:

 Your Spells              Type           Power        Failure   Level  Hunger
a - Static Discharge      Conj/Air       #####...     1%          3    ###....
l - Lightning Bolt        Conj/Air       #####.....   8%          5    ######.
r - Repel Missiles        Chrm/Air       ####..       1%          2    #......
s - Swiftness             Chrm/Air       ####....     1%          2    #......
z - Shock                 Conj/Air       ####         1%          1    None


Dungeon Overview and Level Annotations

Branches:
Dungeon (6/15)
 Temple: D:4-7

Altars:
Ashenzari
Kikubaaqudgha
Qazlal
Trog
Yredelemnul
Zin
The Shining One

Shops:
D:4 ?

Annotations:
D:4 uniqs!, exclusion: upstairs, Blork the orc, Sigmund
D:6 Menkaure


Innate Abilities, Weirdness & Mutations

You can fly.
You have a beak for a mouth.
You have claws for feet.
Your flesh is heat resistant.
You can spit poison.
Your muscles are strong. (Str +2)


Message History

Things that are here:
a glaive; 5 tomahawks; a plate armour There isn't anything to butcher here.
P - a glaive;
p - 8 tomahawks (gained 5) Drop what? 42/52 slots (_ for help) (? for menu, Esc to quit)
You drop a +0 spear.
The orc zaps a wand.
The bolt of lightning hits you!
It is a wand of lightning.
Casting: Shock
Confirm with . or Enter, or press ? or * to list all spells.
Aiming: Shock
Press: ? - help, Shift-Dir - straight line, f - orc
Aim: an orc, wielding a whip, wearing a ring mail and carrying a wand of lightning {zapped: 1} The zap misses the orc.
The orc zaps a wand.
The bolt of lightning hits you!
* * * LOW HITPOINT WARNING * * *
Menkaure, Prince of Dust comes into view.
You are too injured to fight recklessly!
Use which ability? (? or * to list)
You swoop lightly up into the air.
You feel somewhat more hungry.
The orc zaps a wand.
The bolt of lightning hits you!
You die...

........ ............
.......#............
.<.....####'####'##.
#.o.............<.#.
#.................#.
#.................#.
#.........).......+.
#######.)####...........##
#........@..###'###......#
#..>...#[.........#......#
#......#......[...+......#
#......+..........#......'
#......#....###+###......#
#...M..#.....#...###+##...
#................#....#...
#..###########...'...)+...
#.......... #...#....#...


You could see an orc.

Vanquished Creatures
  Grinder (D:4)
  3 sky beasts
  The ghost of poirepourri the Skirmisher, an average HOBe of Trog (D:3)
  An orc warrior (D:6)
  A phantom (D:4)
  An ice beast (D:6)
  3 ogres
  2 scorpions
  2 vampire bats (D:5)
  2 crimson imps (D:5)
  An orc priest (D:5)
  3 jellies
  Crazy Yiuf (D:4)
  An iguana (D:5)
  4 worker ants (D:5)
  An orc wizard (D:3)
  Robin (D:2)
  4 gnolls (D:3)
  10 adders
  A worker ant zombie (D:5)
  A giant mite (D:3)
  A shadow imp (D:5)
  8 worms
  4 giant geckos
  11 orcs
  2 ball pythons (D:1)
  5 bat skeletons (D:5)
  3 bat zombies (D:5)
  6 giant cockroaches
  14 goblins
  19 hobgoblins
  5 jackals
  14 kobolds
  4 quokkas
  15 bats
  7 giant newts
  A jackal skeleton (D:6)
  A jackal zombie (D:6)
  A quokka skeleton (D:5)
  10 rats
176 creatures vanquished.

Notes
Turn   | Place    | Note
--------------------------------------------------------------
     0 | D:1      | hannobal, the Tengu Air Elementalist, began the quest for the Orb.
     0 | D:1      | Reached XP level 1. HP: 10/10 MP: 3/3
   138 | D:1      | Reached XP level 2. HP: 15/15 MP: 0/5
   195 | D:1      | Learned a level 2 spell: Repel Missiles
   198 | D:1      | Learned a level 2 spell: Swiftness
   786 | D:1      | Reached XP level 3. HP: 13/19 MP: 0/7
  1554 | D:2      | Reached XP level 4. HP: 24/24 MP: 7/9
  1555 | D:2      | Noticed Robin
  1565 | D:2      | Killed Robin
  1810 | D:2      | Found a bloodstained altar of Trog.
  2055 | D:2      | Learned a level 3 spell: Static Discharge
  2126 | D:2      | Reached skill level 5 in Conjurations
  2126 | D:2      | Reached XP level 5. HP: 28/28 MP: 5/13
  2395 | D:2      | Gained mutation: Your muscles are strong. (Str +2) [potion of mutation]
  2395 | D:2      | Gained mutation: Your flesh is heat resistant. [potion of mutation]
  2395 | D:2      | Gained mutation: You can spit poison. [potion of mutation]
  2934 | D:3      | Reached skill level 5 in Air Magic
  2938 | D:3      | Reached skill level 1 in Charms
  3309 | D:3      | Found a glowing golden altar of the Shining One.
  3309 | D:3      | Found a basalt altar of Yredelemnul.
  3310 | D:3      | Noticed an angel
  3328 | D:3      | Reached skill level 1 in Fighting
  3425 | D:3      | Reached XP level 6. HP: 34/34 MP: 10/15
  3531 | D:3      | Noticed poirepourri's ghost (average HOBe)
  3609 | D:3      | Killed poirepourri's ghost
  3609 | D:3      | Reached skill level 6 in Air Magic
  3984 | D:3      | Noticed a profane servitor
  4039 | D:3      | Found a glowing silver altar of Zin.
  4415 | D:4      | Reached XP level 7. HP: 24/38 MP: 0/16
  4612 | D:4      | Noticed Grinder
  4624 | D:4      | Killed Grinder
  4624 | D:4      | Reached skill level 8 in Conjurations
  4812 | D:4      | Found Piukeman's Magic Scroll Shoppe.
  4813 | D:4      | Noticed Sigmund
  4813 | D:4      | Noticed Blork the orc
  4847 | D:4      | Noticed Crazy Yiuf
  4855 | D:4      | Killed Crazy Yiuf
  4855 | D:4      | Reached skill level 1 in Evocations
  5241 | D:4      | Found a shattered altar of Ashenzari.
  5324 | D:5      | Entered Level 5 of the Dungeon
  5407 | D:5      | Found a stormy altar of Qazlal.
  5595 | D:4      | Bought a scroll of identify for 26 gold pieces
  5595 | D:4      | Bought a scroll of identify for 26 gold pieces
  5595 | D:4      | Bought a scroll of random uselessness for 13 gold pieces
  5595 | D:4      | Bought a scroll of noise for 13 gold pieces
  5749 | D:5      | Reached XP level 8. HP: 35/43 MP: 7/18
  6567 | D:5      | Learned a level 5 spell: Lightning Bolt
  7253 | D:5      | Found an ancient bone altar of Kikubaaqudgha.
  7572 | D:5      | Reached skill level 9 in Conjurations
  7692 | D:5      | Reached skill level 10 in Conjurations
  7939 | D:6      | Reached XP level 9. HP: 47/47 MP: 13/21
  8120 | D:6      | Reached skill level 10 in Air Magic
  8471 | D:6      | Noticed Menkaure
  8472 | D:6      | Killed from afar by an orc

Action                   |  1- 3 |  4- 6 |  7- 9 || total
-------------------------+-------+-------+-------++-------
Melee: Spear             |    15 |       |       ||    15
       Short sword       |     1 |     8 |    15 ||    24
       Dagger            |       |       |    41 ||    41
Throw: Stone             |       |     1 |       ||     1
 Cast: Shock             |    76 |   188 |   181 ||   445
       Repel Missiles    |     1 |       |     1 ||     2
       Lightning Bolt    |       |       |     2 ||     2
 Abil: Fly               |       |     1 |    10 ||    11
  Use: Scroll            |     3 |     7 |     4 ||    14
       Potion            |     1 |     3 |     2 ||     6
  Eat: Chunk             |     3 |     9 |    13 ||    25
       Fruit             |       |       |     6 ||     6
